 Dungeon Crawl Stone Soup version 0.31.0-10-gcf4a605ca0 (webtiles) character file.

Game seed: 10941690223562749887

735 night the Ruffian (level 7, -7/55 HPs)
             Began as a Demonspawn Gladiator on Jan 25, 2024.
             Was a Believer of Wu Jian.
             Killed from afar by Ijyb (16 damage)
             ... with a bolt of light
             ... on level 4 of the Dungeon.
             The game lasted 00:06:36 (3397 turns).

night the Ruffian (Demonspawn Gladiator)            Turns: 3397, Time: 00:06:37

Health: -7/55      AC:  3    Str: 16 (17) XL:     7   Next: 45%
Magic:  25/25      EV: 12    Int: 12      God:    Wu Jian [**....]
Gold:   79         SH:  0    Dex: 13 (14) Spells: 5/6 levels left

rFire   . .          .
                       - Unarmed
rCold   . . .        (no shield)
rNeg    . . .        a - +0 leather armour
rPois   .            (helmet restricted)
rElec   .            (no cloak)
rCorr   .            (no gloves)
SInv    .            (no boots)
Will    .....        g - amulet of regeneration
Stlth   +            h - ring of magical power
HPRegen 1.09/turn    s - ring of magical power
MPRegen 0.19/turn

%: no passive effects
@: no status effects
A: antennae 1, big brain 2
a: Renounce Religion, Wall Jump


You were on level 4 of the Dungeon.
You worshipped Wu Jian.
Wu Jian was pleased with you.
You visited 1 branch of the dungeon, and saw 4 of its levels.

You collected 135 gold pieces.
You spent 56 gold pieces at shops.

Inventory:

Missiles
 c - 3 throwing nets (quivered)
 d - a javelin
 i - 29 stones
 m - 6 poisoned darts
Armour
 a - a +0 leather armour (worn)
 b - a +0 helmet
 n - a +0 ring mail
Jewellery
 g - an amulet of regeneration (around neck)
 h - a ring of magical power (left hand)
 s - a ring of magical power (right hand)
Wands
 o - a wand of flame (30)
Scrolls
 j - a scroll of butterflies {unknown}
 k - 2 scrolls of immolation
 l - a scroll of fear
 p - 2 scrolls of poison
 r - 3 scrolls of identify
Potions
 e - a potion of enlightenment {unknown}
 f - a potion of heal wounds


   Skills:
 + Level 4.7 Fighting
 - Level 1.7 Throwing
 + Level 3.4 Dodging
 * Level 6.2 Unarmed Combat
 + Level 2.2 Conjurations


You had 5 spell levels left.
You knew the following spells:

 Your Spells              Type           Power      Damage    Failure   Level
a - Magic Dart            Conj           20%        1d4       17%         1

Your spell library contained the following spells:

 Spells                   Type           Power      Damage    Failure   Level
 Searing Ray              Conj           10%        2d4       26%         2
 Fulminant Prism          Conj/Alch      1%         3d5       95%         4


Dungeon Overview and Level Annotations

Branches:
Dungeon (4/15)
 Temple: D:4-7

Altars:
Kikubaaqudgha
Wu Jian

Shops:
D:3 ?

Annotations:
D:4 Ijyb


Innate Abilities, Weirdness & Mutations

You have a pair of small antennae on your head.
You have an extremely huge brain. (Int +4)


Message History

The Council accepts your kill.
You feel your strength returning.
Your Conjurations skill increases to level 2!
You climb upwards.
There is a stone staircase leading down here.
You start resting.
HP restored.
You climb downwards.
There is a stone staircase leading up, spattered with blood here.
Found a stone staircase leading down.
Found a stone staircase leading up.
Ijyb the Twisted Goblin comes into view.
She is wielding a +0 club and carrying a wand of light.
Ijyb shouts!
There is a stone staircase leading up here.
You lunge at Ijyb.
You closely miss Ijyb. Ijyb barely misses you.
You hit Ijyb but do no damage.
Ijyb zaps a wand.
The bolt of light hits you!
You closely miss Ijyb. Ijyb completely misses you.
You hit Ijyb.
Ijyb is moderately wounded.
Ijyb zaps a wand.
The bolt of light hits you!!
You hit Ijyb.
Ijyb is moderately wounded.
You hit Ijyb.
Ijyb is moderately wounded.
Ijyb zaps a wand.
The bolt of light hits you!
* * * LOW HITPOINT WARNING * * *
You hit Ijyb but do no damage.
Ijyb is moderately wounded.
Ijyb zaps a wand.
The bolt of light misses you.
You closely miss Ijyb.
Ijyb is moderately wounded.
Ijyb hits you with a +0 club.
* * * LOW HITPOINT WARNING * * *
You barely miss Ijyb.
Ijyb is moderately wounded.
Ijyb barely misses you.
You completely miss Ijyb.
Ijyb is moderately wounded.
Ijyb zaps a wand.
The bolt of light hits you!
You die...

###############
#.............# ##
#....>..#####<#####...#
#.......#####...@g....#
#..........##.#####.....
#.......##....# ###
#.......#####.#
#.............#
###.......#####
##...###.# ...#
##.....##.###.#.#
#..........#....#


You could see Ijyb.

Vanquished Creatures
  Grinder (D:4)
  Menkaure (D:4)
  A black bear (D:4)
  Blork the orc (D:4)
  A howler monkey (D:4)
  A hound (D:4)
  An iguana (D:4)
  10 adders
  3 dart slugs
  7 orcs (D:3)
  9 ball pythons
  4 bats
  6 endoplasms
  4 giant cockroaches
  4 goblins
  6 hobgoblins
  6 jackals
  5 quokkas
  3 frilled lizards
  5 kobolds
  5 rats
84 creatures vanquished.

Vanquished Creatures (others)
  A frilled lizard (D:1)
1 creature vanquished.

Grand Total: 85 creatures vanquished

Notes
Turn   | Place    | Note
-------+----------+-------------------------------------------
     0 | D:1      | night the Demonspawn Gladiator began the quest for the Orb.
     0 | D:1      | Reached XP level 1. HP: 16/16 MP: 1/1
   131 | D:1      | Reached skill level 3 in Unarmed Combat
   137 | D:1      | Gained mutation: You have a pair of small antennae on your
                  | head. [demonic ancestry]
   137 | D:1      | Reached XP level 2. HP: 22/22 MP: 2/2
   631 | D:1      | Reached XP level 3. HP: 28/28 MP: 3/3
  1100 | D:2      | Found an ancient bone altar of Kikubaaqudgha.
  1419 | D:2      | Found a faded altar of an unknown god.
  1430 | D:2      | Reached skill level 4 in Unarmed Combat
  1430 | D:2      | Gained mutation: You have an unusually large brain. (Int
                  | +2) [demonic ancestry]
  1430 | D:2      | Reached XP level 4. HP: 35/35 MP: 4/4
  1440 | D:2      | Prayed at the altar of an unknown god.
  1440 | D:2      | Became a worshipper of the Wu Jian Council
  1440 | D:2      | Reached * piety under Wu Jian
  1752 | D:3      | Found Xuinefute's Magic Scroll Boutique.
  1759 | D:3      | Bought 2 scrolls of identify for 56 gold pieces
  2386 | D:4      | Noticed a black bear
  2412 | D:4      | Killed a black bear
  2413 | D:4      | Reached XP level 5. HP: 18/42 MP: 5/5
  2449 | D:4      | Noticed Blork the orc
  2461 | D:4      | Killed Blork the orc
  2462 | D:4      | Reached skill level 5 in Unarmed Combat
  2462 | D:4      | Gained mutation: You have an extremely huge brain. (Int +4)
                  | [demonic ancestry]
  2462 | D:4      | Reached XP level 6. HP: 29/48 MP: 6/6
  2464 | D:4      | Learned a level 1 spell: Magic Dart
  2653 | D:4      | Reached ** piety under Wu Jian
  2752 | D:4      | Reached skill level 1 in Conjurations
  2996 | D:4      | Noticed Grinder
  3001 | D:4      | Paralysed by Grinder for 2 turns
  3021 | D:4      | Paralysed by Grinder for 2 turns
  3026 | D:4      | Killed Grinder
  3027 | D:4      | Reached skill level 6 in Unarmed Combat
  3027 | D:4      | Reached XP level 7. HP: 38/55 MP: 7/7
  3218 | D:4      | Noticed Menkaure
  3316 | D:4      | Killed Menkaure
  3317 | D:4      | Reached skill level 2 in Conjurations
  3385 | D:4      | Noticed Ijyb
  3395 | D:4      | HP: 7/55 [Ijyb/+0 club (5)]
  3397 | D:4      | Killed from afar by Ijyb

Illustrated notes

Levels and vault maps discovered:
D:1:      ldierk_walled_garden_2, layout_basic
D:2:      layout_basic, nicolae_ecumenical_snake_handling, basic_altar
D:3:      layout_basic, serial_shops, shop, minmay_misc_feat_five, minivault_14
D:4:      layout_loops_cross, sigmund_edmund_badplayer, uniq_grinder,
          uniq_blork_the_orc, uniq_menkaure, uniq_ijyb

Skill      XL: |  1  2  3  4  5  6  7 |
---------------+----------------------+-----
Unarmed Combat | 3 4 5 6 |  6.2
Fighting       | 3 4 |  4.7
Conjurations   | 1 2 |  2.2
Dodging        | 3 |  3.4
Throwing       | |  1.7

Action                     |  1- 3 |  4- 6 |  7- 9 || total
---------------------------+-------+-------+-------++-------
  Melee: Unarmed           |   143 |   166 |    37 ||   346
         Punch             |     4 |     5 |     1 ||    10
   Cast: Magic Dart        |       |     2 |       ||     2
Ability: Lunge             |       |    10 |     2 ||    12
         Whirlwind         |       |     3 |     1 ||     4
    Use: Scroll            |       |     4 |       ||     4
         Potion            |       |     4 |       ||     4
 Armour: Leather armour    |    66 |    37 |    19 ||   122
         Ring mail         |     5 |    74 |       ||    79
  Dodge: Dodged            |    93 |    88 |     9 ||   190
